 Dungeon Crawl Stone Soup version 0.15.0-13-gb296d5c (console) character file.

691 gw the Insei (level 7, -5/55 HPs)
             Began as a Demonspawn Monk on Sept 3, 2014.
             Slain by an ogre
             ... wielding a +0 giant club
              (11 damage)
             ... on Level 5 of the Dungeon.
             The game lasted 00:02:28 (5933 turns).

gw the Insei (Demonspawn Monk)                      Turns: 5933, Time: 00:02:28

HP  -5/55        AC 14     Str 15      XL: 7   Next: 36%
MP   7/7         EV  4     Int 12      God:
Gold 0           SH  0     Dex 17      Spells:  0 memorised,  6 levels left

rFire  . . .     SeeInvis .       - Unarmed
rCold  + + .     Clarity  .     i - +0 plate armour
rNeg   . . .     rCorr    .     (no shield)
rPois  .         rRot     .     h - +0 helmet
rElec  .         Spirit   .     (no cloak)
SustAb .         Warding  .     (gloves unavailable)
rMut   .         Stasis   .     (no boots)
Gourm  .                        a - amulet of rage
MR     .....                    r - ring of protection from cold
                                j - +4 ring of strength

@: not resistant to hostile enchantments, extremely unstealthy
A: claws 3, thin metallic scales 1, cold resistance 1, nightstalker 1
a: Evoke Berserk Rage


You were on level 5 of the Dungeon.
You were hungry.

You visited 1 branch of the dungeon, and saw 5 of its levels.

Inventory:

Missiles
 d - 136 stones (quivered)
Armour
 h - a +0 helmet (worn)
 i - a +0 plate armour (worn)
Magical devices
 m - a wand of cold (8)
Comestibles
 b - 2 bread rations
 c - 2 meat rations
 f - a beef jerky
Scrolls
 e - 3 scrolls of identify
 k - 2 scrolls of remove curse
 l - a scroll of immolation {unknown}
Jewellery
 a - an amulet of rage (around neck)
 j - a +4 ring of strength (left claw)
 r - a ring of protection from cold (right claw)
Potions
 g - a potion of poison
 n - a potion of haste {unknown}


   Skills:
 + Level 4.5 Fighting
 + Level 2.9 Throwing
 + Level 3.3 Armour
 - Level 2.6 Dodging
 - Level 1.7 Stealth
 * Level 5.8 Unarmed Combat


You had 6 spell levels left.
You didn't know any spells.

Dungeon Overview and Level Annotations

Branches:
Dungeon (5/15)
 Temple: D:4-7

Altars:
Nemelex Xobeh
Zin


Innate Abilities, Weirdness & Mutations

You have claws for hands.
You are partially covered in thin metallic scales (AC +2).
You are slightly more attuned to the shadows.
Your flesh is cold resistant.


Message History

MOVING TO (0,1) FLEEEEING!
MOVING TO (-1,7) MOVING TO (-1,6) MOVING TO (-1,5) MOVING TO (-1,4) MOVING TO (-1,3) MOVING TO (-1,2) MOVING TO (-1,1) MOVING TO (1,-7)
The ogre hits you with a giant club.
MOVING TO (0,-6)
The ogre barely misses you.
MOVING TO (-1,-5) MOVING TO (-1,-4) MOVING TO (-1,-3) MOVING TO (-1,-2) MOVING TO (-2,-1)
The ogre hits you with a giant club!
You die...

##.....### #..## ##.##
##.###..## ##..# #.## ##
##.## ##.(# #..##
#..######. #.##
##.####..# ##....##...
### #..##...#
##.......... ##..#$[##
###...........
##.....####........#....
#...#..#....#....####..#
#...####.6O..###..##
##.# #..## #.....# #..#
##. ((.# #....## ##.###
#. . #....# #...#####.
##....## #.##.....#
#.##...# #.########
##.#...# #.# ####..# ##.
#.### #


You could see an ogre.

Table legend:
 A = Turns spent in this place as a percentage of turns spent in the entire game.
 B = Non-inter-level travel turns spent in this place as a percentage of non-inter-level travel turns spent in the entire game.
 C = Inter-level travel turns spent in this place as a percentage of turns spent in this place.
 D = Turns resting spent in this place as a percentage of non-inter-level travel turns spent in this place.
 E = Turns spent auto-exploring this place as a percentage of non-inter-level travel turns spent in this place.
 F = Non-inter-level travel turns spent in this place divided by the number of levels of this place that you've seen.
                   A       B       C       D       E      F
               +-------+-------+-------+-------+-------+----------------------
         Total | 100.0 | 100.0 |   1.2 |   5.2 |  16.3 | 255.4
       Dungeon | 100.0 | 100.0 |   1.2 |   5.2 |  16.3 | 255.4
               +-------+-------+-------+-------+-------+----------------------

Table legend:
 A = Kills in this place as a percentage of kills in entire the game.
 B = Kills by you in this place as a percentage of kills by you in the entire game.
 C = Kills by friends in this place as a percentage of kills by friends in the entire game.
 D = Other kills in this place as a percentage of other kills in the entire game.
 E = Experience gained in this place as a percentage of experience gained in the entire game.
 F = Experience gained in this place divided by the number of levels of this place that you have seen.
                   A       B       C       D       E      F
               +-------+-------+-------+-------+-------+----------------------
         Total | 100.0 | 100.0 |  -nan |  -nan | 100.0 | 197.6
       Dungeon | 100.0 | 100.0 |  -nan |  -nan | 100.0 | 197.6
               +-------+-------+-------+-------+-------+----------------------

Vanquished Creatures
  Edmund (D:4)
  A centaur (D:5)
  A scorpion (D:5)
  A jelly (D:5)
  An orc wizard (D:3)
  An iguana (D:3)
  A hound (D:4)
  An orc priest (D:3)
  2 worker ants (D:4)
  Ijyb (D:2)
  Terence (D:3)
  11 adders
  4 gnolls
  A worm (D:2)
  4 giant geckos
  10 orcs
  A bat skeleton (D:4)
  4 giant cockroaches
  13 goblins
  9 hobgoblins
  2 kobolds (D:1)
  3 quokkas
  2 ball pythons (D:3)
  8 bats
  4 giant newts
  A hobgoblin skeleton (D:4)
  7 rats
96 creatures vanquished.

Notes
Turn   | Place    | Note
--------------------------------------------------------------
     0 | D:1      | gw, the Demonspawn Monk, began the quest for the Orb.
     0 | D:1      | Reached XP level 1. HP: 18/18 MP: 1/1
   474 | D:1      | Gained mutation: You are partially covered in thin metallic scales (AC +2). [demonic ancestry]
   474 | D:1      | Reached XP level 2. HP: 24/24 MP: 2/2
  1215 | D:2      | Reached skill level 1 in Armour
  1215 | D:2      | Gained mutation: You have sharp fingernails. [demonic ancestry]
  1215 | D:2      | Reached XP level 3. HP: 18/29 MP: 3/3
  1220 | D:2      | Reached skill level 4 in Unarmed Combat
  1424 | D:2      | Reached skill level 1 in Throwing
  1496 | D:2      | Found a sparkling altar of Nemelex Xobeh.
  1554 | D:2      | Gained mutation: You have very sharp fingernails. [demonic ancestry]
  1554 | D:2      | Reached XP level 4. HP: 35/35 MP: 4/4
  1723 | D:2      | Noticed Ijyb
  1732 | D:2      | Killed Ijyb
  1926 | D:2      | Found a sparkling altar of Nemelex Xobeh.
  2192 | D:2      | Gained mutation: You are clumsy. (Dex -2) [potion of mutation]
  2192 | D:2      | Lost mutation: You are clumsy. (Dex -2) [potion of mutation]
  2192 | D:2      | Gained mutation: Your flesh is cold resistant. [potion of mutation]
  2290 | D:3      | Gained mutation: You have claws for hands. [demonic ancestry]
  2290 | D:3      | Reached XP level 5. HP: 18/42 MP: 5/5
  2716 | D:3      | Noticed Terence
  2721 | D:3      | Killed Terence
  3025 | D:3      | Noticed an angel
  3027 | D:3      | Found a glowing silver altar of Zin.
  3532 | D:3      | Reached skill level 5 in Unarmed Combat
  3541 | D:3      | Reached XP level 6. HP: 28/48 MP: 6/6
  4450 | D:4      | Noticed Edmund
  4599 | D:4      | Killed Edmund
  5162 | D:5      | Entered Level 5 of the Dungeon
  5349 | D:5      | Gained mutation: You are slightly more attuned to the shadows. [demonic ancestry]
  5349 | D:5      | Reached XP level 7. HP: 40/55 MP: 7/7
  5933 | D:5      | Slain by an ogre

Action                   |  1- 3 |  4- 6 |  7- 9 || total
-------------------------+-------+-------+-------++-------
Melee: Unarmed           |    65 |   157 |    29 ||   251
Throw: Stone             |    33 |    12 |    10 ||    55
       Tomahawk          |    33 |    81 |     9 ||   123
Evoke: Wand              |       |     1 |       ||     1
  Use: Scroll            |     3 |     3 |       ||     6
       Potion            |       |     7 |       ||     7
  Eat: Chunk             |     1 |     5 |       ||     6
       Bread ration      |       |     2 |       ||     2

Vault maps used:
D:1:      lightli_arrival_farm
D:2:      lemuel_doored_altar, first_bread, nemelex_deck, uniq_iyjb
D:3:      zin_angel, uniq_terence
D:4:      corner_web_ring, hangedman_decor_peaks_small, uniq_edmund
D:5:      kennysheep_little_box, uniq_natasha
